 Dungeon Crawl Stone Soup version 0.31.0-32-g396128a36d (webtiles) character file.

Game seed: 7050864324479341904

161 AdnanSaban the Covered (level 5, -2/33 HPs)
             Began as a Gargoyle Fighter on Apr 19, 2024.
             Slain by an iguana (3 damage)
             ... on level 4 of the Dungeon.
             The game lasted 00:01:53 (2191 turns).

AdnanSaban the Covered (Gargoyle Fighter)           Turns: 2191, Time: 00:01:53

Health: -2/33      AC: 11    Str: 22    XL:     5   Next: 42%
Magic:  5/5        EV:  9    Int:  8    God:
Gold:   92         SH:  4    Dex:  9    Spells: 4/4 levels left

rFire   . . .        a - +0 flail
rCold   . . .        c - +0 buckler
rNeg    + . .        b - +0 scale mail
rPois   ∞            (no helmet)
rElec   +            (no cloak)
rCorr   .            (no gloves)
SInv    .            (no boots)
Will    .....        (no amulet) Stlth
                     (no ring)
HPRegen 0.25/turn    (no ring)
MPRegen 0.09/turn

%: no passive effects
@: no status effects
A: sickness immunity, AC +4, negative energy resistance 1, electricity
resistance, torment resistance 1, petrification resistance
a: no special abilities


You were on level 4 of the Dungeon.
You visited 1 branch of the dungeon, and saw 4 of its levels.

You collected 92 gold pieces.

Inventory:

Hand Weapons
 a - a +0 flail (weapon)
Missiles
 l - a throwing net (quivered)
Armour
 b - a +0 scale mail (worn)
 c - a +0 buckler (worn)
Jewellery
 e - a ring of positive energy
Scrolls
 i - 3 scrolls of identify {unknown}
 j - a scroll of immolation {unknown}
 m - a scroll of teleportation {unknown}
 n - a scroll of brand weapon {unknown}
 p - a scroll of enchant armour {unknown}
 q - a scroll of enchant weapon {unknown}
 r - a scroll of fog {unknown}
Potions
 d - a potion of might
 f - a potion of mutation {unknown}
 g - 3 potions of enlightenment {unknown}
 h - 6 potions of curing {unknown}
 k - 2 potions of invisibility {unknown}
 o - 2 potions of degeneration {unknown}
 s - a potion of resistance {unknown}


   Skills:
 + Level 4.1 Fighting
 + Level 3.1 Maces & Flails
 + Level 4.6 Armour
 + Level 1.1 Dodging
 + Level 0.1 Stealth
 + Level 3.7 Shields


You had 4 spell levels left.
You didn't know any spells.
Your spell library contained the following spells:

 Spells                   Type           Power      Damage    Failure   Level
 Gell's Gravitas          Tloc           0%         N/A       99%         3
 Teleport Other           Tloc           0%         N/A       99%         3
 Dispersal                Tloc           0%         N/A       100%        6


Dungeon Overview and Level Annotations

Branches:
Dungeon (4/15)
 Temple: D:4-7

Altars:

Annotations:
D:4 Sigmund


Innate Abilities, Weirdness & Mutations

You are immune to sickness and miasma.
Your stone body is resilient. (AC +4)
You are immune to poison.
You resist negative energy. (rN+)
You are resistant to electric shocks. (rElec)
You are resistant to unholy torment.
You are immune to petrification.


Message History

You open the door.
There is an open door here.
You open the door.
An iguana comes into view.
The iguana hisses angrily.
There is an open door here.
Found an escape hatch in the ceiling.
The iguana bites you.
You closely miss the iguana. The iguana bites you. The iguana bites you!
You are too injured to fight recklessly!
You are too injured to fight recklessly!
You are too injured to fight recklessly!
You are too injured to fight recklessly!
You are too injured to fight recklessly!
You are too injured to fight recklessly!
You are too injured to fight recklessly!
You are too injured to fight recklessly!
You are too injured to fight recklessly!
You are too injured to fight recklessly!
You are too injured to fight recklessly!
You are too injured to fight recklessly!
You are too injured to fight recklessly!
You are too injured to fight recklessly!
You are too injured to fight recklessly!
You are too injured to fight recklessly!
You are too injured to fight recklessly!
You are too injured to fight recklessly!
You are too injured to fight recklessly!
You barely miss the iguana. The iguana bites you.
You hit the iguana but do no damage.
The iguana bites you but does no damage.
You hit the iguana.
The iguana is lightly wounded.
The iguana bites you!
* * * LOW HITPOINT WARNING * * *
You barely miss the iguana.
The iguana is lightly wounded.
The iguana bites you.
* * * LOW HITPOINT WARNING * * *
The iguana bites you.
You die...

#+######### .... .... ####
.......+ ..... ...#.......
.......##+#..... ...#.......
##+#..........#+##
...#......######..#..........#...
...#......#.......#..........#...
'###......#..<..l.+..........#...
...#......# #@.#..).......#...
...#......######'##..........#..#
...#......'...#.....##'###'###..#
...#......#...#.....#...#....#...
...#......#...'.....#...#....'...
...#......#...#.....#..##....#...
#..#......#####.....#..##..######
#'##.....## #.....#..###'#.....
#..#.....# #.....#......#.....


You could see an iguana.

Vanquished Creatures
  An iguana (D:4)
  2 adders (D:2)
  4 gnolls
  A white imp (D:4)
  3 dart slugs
  A ribbon worm (D:2)
  8 endoplasms
  12 goblins
  5 hobgoblins
  A jackal (D:2)
  5 kobolds
  4 quokkas
  5 ball pythons
  3 bats (D:1)
  2 frilled lizards
  6 rats
63 creatures vanquished.

Notes
Turn   | Place    | Note
-------+----------+-------------------------------------------
     0 | D:1      | AdnanSaban the Gargoyle Fighter began the quest for the
                  | Orb.
     0 | D:1      | Reached XP level 1. HP: 14/14 MP: 1/1
    72 | D:1      | Found a faded altar of an unknown god.
    74 | D:1      | Reached XP level 2. HP: 19/19 MP: 2/2
   201 | D:1      | Reached XP level 3. HP: 21/23 MP: 3/3
   545 | D:2      | Reached skill level 1 in Dodging
   627 | D:2      | Reached XP level 4. HP: 29/29 MP: 4/4
  1450 | D:3      | Reached XP level 5. HP: 33/33 MP: 5/5
  1774 | D:4      | Noticed Sigmund
  2191 | D:4      | HP: 1/33 [iguana (2)]
  2191 | D:4      | Slain by an iguana

Illustrated notes

Levels and vault maps discovered:
D:1:      orjb1_clovarrival, layout_rooms, shapermc_ecumenical_altar_notcrosses,
          hex_tiny
D:2:      layout_loops_ring, minmay_tetromino_o4
D:3:      layout_rooms
D:4:      layout_gridville, minmay_temple_entry_antechambers,
          hangedman_abyss_or_decor_passed, minmay_fractal_squares_5,
          uniq_sigmund

Skill      XL: |  1  2  3  4 |
---------------+-------------+-----
Dodging        | 1 |  1.1
Armour         | 4 |  4.6
Fighting       | 4 |  4.1
Maces & Flails | 3 |  3.1
Stealth        | |  0.1
Shields        | |  3.7

Action                     |  1- 3 |  4- 6 || total
---------------------------+-------+-------++-------
  Melee: Flail             |   107 |   105 ||   212
 Armour: Scale mail        |    93 |    95 ||   188
  Dodge: Dodged            |    46 |    41 ||    87
  Block: Buckler           |    20 |    20 ||    40
